 Dungeon Crawl Stone Soup version 0.30-a0-718-geaa24f58ff (webtiles) character file.

Game seed: 1450460835587082218

7442 BigDaddyOpFi the Fighter (level 11, 0/101 HPs)
             Began as a Hill Orc Fighter on Jan 25, 2023.
             Was a Believer of Beogh.
             Slain by an orc warrior
             ... wielding a +0 trident
              (11 damage)
             ... in a bailey.
             The game lasted 00:14:20 (10015 turns).

BigDaddyOpFi the Fighter (Hill Orc Fighter)        Turns: 10015, Time: 00:14:20

Health: 0/101      AC: 24    Str: 23    XL:     11   Next: 15%
Magic:  0/5        EV:  7    Int:  7    God:    Beogh [**....]
Gold:   626        SH:  6    Dex: 14    Spells: 10/10 levels left

rFire   . . .      SeeInvis .    e - +8 whip of the Establishment {antimagic, rPois Will+ rCorr}
rCold   . . .      Faith    .    c - +0 buckler
rNeg    . . .      Spirit   +    a - +0 plate armour
rPois   +          Reflect  .    k - +0 helmet
rElec   .          Harm     .    s - +2 cloak
rCorr   +          Rampage  .    d - +0 pair of gloves
Will    +....                    C - +0 pair of boots Stlth
                                 r - amulet of guardian spirit
HPRegen 0.36/turn                (no ring)
MPRegen 0.09/turn                (no ring)

@: no status effects
A: iridescent scales 1, agile 1
a: Renounce Religion, Smiting


You were in a bailey.
You worshipped Beogh.
Beogh was pleased with you.
You visited 1 branch of the dungeon, and saw 10 of its levels.
You also visited: Bailey.

You collected 626 gold pieces.

Inventory:

Hand Weapons
 e - the +8 whip of the Establishment (weapon) {antimagic, rPois Will+ rCorr}
   (You found it on level 2 of the Dungeon)

   rPois:     It protects you from poison.
   rCorr:     It protects you from acid and corrosion.
   Will:      It increases your willpower.
Missiles
 w - a throwing net
Armour
 a - a +0 plate armour (worn)
 c - a +0 buckler (worn)
 d - a +0 pair of gloves (worn)
 k - a +0 helmet (worn)
 s - a +2 cloak (worn)
 C - a +0 pair of boots (worn)
Jewellery
 r - an amulet of guardian spirit (around neck)
Wands
 b - a wand of iceblast (5)
 i - a wand of digging (5)
 l - a wand of flame (29)
 n - a wand of mindburst (9)
 v - a wand of charming (2)
 x - a wand of light (4) (quivered)
 A - a wand of polymorph (12)
Scrolls
 g - 2 scrolls of teleportation
 j - 2 scrolls of magic mapping
 m - 2 scrolls of fog
 p - 2 scrolls of blinking
 q - a scroll of immolation
 u - 4 scrolls of identify
 y - 5 scrolls of vulnerability
 z - a scroll of enchant weapon
Potions
 f - a potion of degeneration
 h - a potion of mutation
 o - a potion of flight


   Skills:
 + Level 10.3 Fighting
 - Level 2.8(7.2) Axes
 + Level 8.7(8.9) Maces & Flails
 + Level 9.5 Armour
 + Level 9.4 Shields
 + Level 6.4 Invocations


You had 10 spell levels left.
You didn't know any spells.
Your spell library contained the following spells:

 Spells                   Type           Power      Damage    Failure   Level
 Sting                    Tmut/Pois      0%         1d3       100%        1
 Blink                    Tloc           0%         N/A       100%        2
 Ensorcelled Hibernation  Hex/Ice        0%         N/A       100%        2
 Lesser Beckoning         Tloc           0%         N/A       100%        2
 Momentum Strike          Conj/Tloc      0%         3d8       100%        2
 Passwall                 Tmut/Erth      0%         N/A       100%        2
 Gell's Gravitas          Tloc           0%         N/A       100%        3
 Swiftness                Air            0%         N/A       100%        3
 Teleport Other           Tloc           0%         N/A       100%        3
 Tukima's Dance           Hex            0%         N/A       100%        3
 Passage of Golubria      Tloc           0%         N/A       100%        4
 Alistair's Intoxication  Tmut/Pois      0%         N/A       100%        5
 Iskenderun's Battlesphe  Conj           0%         2d6       100%        5
 Yara's Violent Unravell  Hex/Tmut       0%         3d3       100%        5
 Dispersal                Tloc           0%         N/A       100%        6
 Eringya's Noxious Bog    Tmut/Pois      0%         N/A       100%        6
 Iron Shot                Conj/Erth      0%         9d1       100%        6
 Spellforged Servitor     Conj/Summ      0%         N/A       100%        7


Dungeon Overview and Level Annotations

Branches:
Dungeon (10/15)            Temple (0/1) D:4            Lair (0/5) D:10
 Bailey (1/1)
    Orc: D:9-12

Altars:
Elyvilon
Hepliaklqana
Trog
Vehumet
Yredelemnul
The Shining One

Annotations:
D:4 3 runed translucent doors, BlueFish's ghost, amateur TeFE; Iich's ghost, amateur MiFi; Nabski's ghost, amateur TeFE
D:5 exclusion: statue
D:8 3 runed translucent doors, pokeman's ghost, novice DEHW


Innate Abilities, Weirdness & Mutations

You are partially covered in iridescent scales. (AC +2)
You are agile. (Dex +4, Str/Int -1)


Message History

The orc knight is severely wounded.
The orc knight is blinded.
The orc hits you but does no damage.
The orc warrior hits you with a +0 trident.
* * * LOW HITPOINT WARNING * * *
The orc knight hits you with a +0 halberd.
* * * LOW HITPOINT WARNING * * *
You hit the orc knight but do no damage.
The orc knight is severely wounded.
The orc warrior no longer looks unusually strong.
The orc barely misses you.
The orc warrior hits you but does no damage.
The orc knight roars a battlecry!
The orc warrior goes into a battle-frenzy!
You closely miss the orc knight.
The orc knight is severely wounded.
You block the orc's attack.
The orc warrior hits you but does no damage.
The orc knight hits you but does no damage.
You whack the orc knight!
The orc knight is almost dead.
You hit the orc knight but do no damage.
The orc knight is almost dead.
You block the orc's attack. The orc warrior closely misses you.
The orc knight barely misses you.
You hit the orc knight but do no damage.
The orc knight is almost dead.
The orc hits you but does no damage.
The orc warrior hits you but does no damage.
The orc knight hits you with a +0 halberd!
* * * LOW HITPOINT WARNING * * *
You feel better. The orc hits you but does no damage.
The orc warrior hits you with a +0 trident.
* * * LOW HITPOINT WARNING * * *
The orc knight completely misses you.
The orc no longer looks unusually strong.
The orc closely misses you.
The orc warrior hits you from afar with a +0 trident!
You die...
Beogh appreciates the orc warrior's killing of a heretic priest.

... ###≈≈...............≈≈### .
...≈##.##≈...............≈##.##≈.
...≈#.))....................).#≈.
...≈##)∩#≈...............≈#∩)##≈.
...≈≈#.##≈....#######....≈##)#≈≈.
....≈≈.≈≈≈...##....##....≈≈≈.≈≈..
............##.....##............
...........##..#'''##............
...........#..##@)o##..##........
..........##.####'####.##........
..........##.')#.oo#)'.##........
..........##.###.8.###.##........
..........##.')#).!#)'.##........
..........##.#########.##........
...........#..##.#)##..#.........
...........##..#'#'#..##.........
............##.......##..........


You could see an orc knight (blind), an orc warrior (strong) and an orc.

Vanquished Creatures
  A two-headed ogre (D:8)
  Maurice (D:8)
  Sigmund (D:3)
  A wraith (D:8)
  A shadow (D:8)
  9 yaks
  2 steam dragons
  Duvessa (D:4)
  A water moccasin (D:6)
  10 orc warriors
  A sky beast (D:6)
  A black bear (D:6)
  3 ogres
  2 centaurs
  A phantom (D:6)
  3 kobold brigands
  A bullfrog (D:9)
  2 scorpions (D:5)
  3 necrophages
  A water moccasin zombie (D:5)
  15 wights
  Dowan (D:4)
  3 killer bees
  4 howler monkeys
  A centaur zombie (D:5)
  A human zombie (D:5)
  An orc priest (D:9)
  5 hounds
  A gnoll bouda (D:7)
  A jelly (D:8)
  Jessica (D:2)
  2 scorpion zombies (D:5)
  2 iguanas
  7 orc wizards
  A hound zombie (D:5)
  2 mummies (D:5)
  4 gnolls (D:7)
  11 adders
  3 white imps
  3 ufetubi
  An adder zombie (D:5)
  A worm (D:5)
  2 dart slugs (D:2)
  44 orcs
  An endoplasm (D:2)
  2 giant cockroaches
  6 goblins
  5 hobgoblins
  20 kobolds
  5 quokkas
  4 ball pythons
  A bat (D:3)
  2 frilled lizards
  3 rats
212 creatures vanquished.

Vanquished Creatures (others)
  An orc wizard (D:8)
1 creature vanquished.

Grand Total: 213 creatures vanquished

Notes
Turn   | Place    | Note
-------+----------+-------------------------------------------
     0 | D:1      | BigDaddyOpFi the Hill Orc Fighter began the quest for the
                  | Orb.
     0 | D:1      | Reached XP level 1. HP: 19/19 MP: 1/1
    46 | D:1      | You fall into a shaft and drop 1 floor!
   106 | D:2      | Identified the +8 whip of the Establishment {antimagic,
                  | rPois Will+ rCorr}
   211 | D:2      | Reached XP level 2. HP: 27/27 MP: 0/2
   253 | D:2      | Reached skill level 4 in Fighting
   266 | D:2      | Reached skill level 1 in Maces & Flails
   327 | D:2      | Reached XP level 3. HP: 32/33 MP: 1/3
   683 | D:2      | Noticed Jessica
   687 | D:2      | Killed Jessica
   834 | D:3      | Noticed Sigmund
   844 | D:3      | Killed Sigmund
   845 | D:3      | Reached XP level 4. HP: 29/41 MP: 1/4
   845 | D:3      | Reached XP level 5. HP: 33/47 MP: 1/5
   848 | D:3      | Reached skill level 5 in Fighting
   950 | D:3      | Got the Compilation of the Queen Bee
  1245 | D:3      | Reached XP level 6. HP: 56/56 MP: 2/6
  1382 | D:3      | Found a white marble altar of Elyvilon.
  1757 | D:4      | Found a staircase to the Ecumenical Temple.
  1828 | D:4      | Found a bloodstained altar of Trog.
  2105 | D:4      | Noticed Duvessa
  2109 | D:4      | Noticed Dowan
  2112 | D:4      | Gained mutation: You are agile. (Dex +4, Str/Int -1)
                  | [potion of mutation]
  2112 | D:4      | Gained mutation: You are partially covered in iridescent
                  | scales. (AC +2) [potion of mutation]
  2119 | D:4      | Killed Duvessa
  2120 | D:4      | Reached skill level 5 in Armour
  2123 | D:4      | Killed Dowan
  2124 | D:4      | Reached skill level 5 in Shields
  2124 | D:4      | Reached XP level 7. HP: 43/61 MP: 2/7
  2278 | D:4      | Found a runed translucent gate.
  2278 | D:4      | Found a runed translucent gate.
  2279 | D:4      | Found a runed translucent gate.
  2280 | D:4      | Noticed Iich's ghost (amateur MiFi)
  2280 | D:4      | Noticed Nabski's ghost (amateur TeFE)
  2280 | D:4      | Noticed BlueFish's ghost (amateur TeFE)
  2516 | D:5      | Entered Level 5 of the Dungeon
  2547 | D:5      | Reached skill level 6 in Fighting
  2930 | D:5      | Found a radiant altar of Vehumet.
  2963 | D:5      | Reached XP level 8. HP: 69/71 MP: 2/8
  3029 | D:5      | Reached skill level 5 in Maces & Flails
  3070 | D:5      | Reached skill level 7 in Fighting
  3465 | D:5      | Found a basalt altar of Yredelemnul.
  3679 | D:6      | Reached XP level 9. HP: 67/79 MP: 3/9
  3927 | D:6      | Found a hazy altar of Hepliaklqana.
  3982 | D:6      | Reached skill level 8 in Fighting
  4421 | D:7      | Became a worshipper of Beogh the Brigand
  5163 | D:7      | Reached skill level 1 in Invocations
  5586 | D:8      | Reached skill level 9 in Fighting
  5586 | D:8      | Reached XP level 10. HP: 61/91 MP: 4/12
  5914 | D:8      | Reached * piety under Beogh
  6730 | D:8      | Noticed Maurice
  6751 | D:8      | Killed Maurice
  6984 | D:8      | Found a runed translucent gate.
  6985 | D:8      | Found a runed translucent gate.
  6985 | D:8      | Found a runed translucent gate.
  7375 | D:8      | Noticed pokeman's ghost (novice DEHW)
  7407 | D:9      | Noticed a two-headed ogre
  8033 | D:8      | Killed a two-headed ogre
  8034 | D:8      | Reached skill level 5 in Invocations
  8729 | D:9      | Reached skill level 10 in Fighting
  8755 | D:9      | Reached ** piety under Beogh
  8923 | D:9      | Found a glowing golden altar of the Shining One.
  9067 | D:10     | Entered Level 10 of the Dungeon
  9067 | D:10     | Found a staircase to the Lair.
  9099 | D:10     | Reached XP level 11. HP: 81/99 MP: 3/15
  9130 | D:10     | Found a flagged portal.
  9169 | Bailey   | Entered a bailey
  9991 | Bailey   | Noticed an orc knight
 10013 | Bailey   | HP: 4/101 [orc knight/+0 halberd (7)]
 10015 | Bailey   | Slain by an orc warrior

Illustrated notes

Levels and vault maps discovered:
D:1:      elethiomel_arrival_maze, layout_basic
D:2:      layout_loops_ring, kennysheep_jessica_study
D:3:      layout_basic, elyvilon_altar_1, uniq_sigmund
D:4:      cheibrodos_old_hovel, layout_basic,
          mainiacjoe_overflow_concentric_impassable,
          minmay_temple_entry_large_hall, gammafunk_ghost_cemetery,
          chequers_serial_rivers_marsh, chequers_serial_rivers_marsh,
          uniq_duvessa
D:5:      layout_basic, vehumet_statue, lemuel_mausoleum_altar_yredelemnul
D:6:      layout_basic, lemuel_coloured_pillars_altar, minmay_curled_crystal
D:7:      layout_basic, minmay_misc_feat_columns, grunt_decor_one_mirror
D:8:      layout_basic, gammafunk_ghost_spectres, grunt_decor_fettered,
          minmay_checkerbox, uniq_maurice
D:9:      layout_rooms, mainiacjoe_overflow_six_doors_small
D:10:     layout_gridville, lair_entry_dummy, enter_bailey_3, uniq_harold
Bailey:   bailey_polearm_2, bailey

Skill      XL: |  1  2  3  4  5  6  7  8  9 10 |
---------------+-------------------------------+-----
Fighting       | 4 5 6 7 9 10 | 10.3
Maces & Flails | 1 2 3 4 5 7 8 |  8.7
Armour         | 4 5 6 8 9 |  9.5
Shields        | 4 5 6 8 9 |  9.4
Invocations    | 3 6 |  6.4
Axes           | |  2.8

Action                     |  1- 3 |  4- 6 |  7- 9 | 10-12 || total
---------------------------+-------+-------+-------+-------++-------
  Melee: Whip              |    37 |    72 |   390 |   421 ||   920
         War axe           |     5 |       |       |       ||     5
 Invoke: Convert to Beogh  |       |       |     1 |       ||     1
         Smiting           |       |       |       |     1 ||     1
  Evoke: Wand              |       |       |       |     5 ||     5
    Use: Potion            |     2 |     1 |     4 |     7 ||    14
         Scroll            |       |     3 |     7 |     1 ||    11
   Stab: Invisible         |       |       |     1 |     3 ||     4
 Armour: Scale mail        |     6 |       |       |       ||     6
         Plate armour      |    12 |    54 |   234 |   263 ||   563
         Skin              |       |       |       |    20 ||    20
  Dodge: Dodged            |    12 |    19 |   103 |   132 ||   266
  Block: Buckler           |     1 |    14 |   100 |   117 ||   232

Table legend: (Time is in decaauts)
 A = Elapsed time spent in this place.
 B = Non-inter-level travel time spent in this place.
 C = Inter-level travel time spent in this place.
 D = Time resting spent in this place.
 E = Time spent auto-exploring this place.
 F = Levels seen in this place.
 G = Mean time per level.
                   A        B        C        D        E       F      G
               +--------+--------+--------+--------+--------+-----+--------+
         Total |   9856 |   9574 |    282 |   2699 |   5207 |  11 |  896.0 |
       Dungeon |   9044 |   8762 |    282 |   2146 |   5207 |  10 |  904.4 |
        Bailey |    811 |    811 |      0 |    553 |      0 |   1 |  811.0 |
               +--------+--------+--------+--------+--------+-----+--------+

Top non-repeatable levels by time:
     D:8: 3139 daAuts
     D:5: 1106 daAuts
     D:7: 1083 daAuts
     D:3: 946 daAuts
  Bailey: 811 daAuts
     D:4: 801 daAuts
     D:2: 730 daAuts
     D:6: 638 daAuts
     D:9: 465 daAuts
    D:10: 86 daAuts
     D:1: 46 daAuts
